 Dungeon Crawl Stone Soup version 0.30-a0-591-g3c58d2bc28 (webtiles) character file.

Game seed: 14053848692134903161

84 wormed the Insei (level 4, -6/43 HPs)
             Began as an Octopode Transmuter on Jan 5, 2023.
             Mangled by a gnoll
             ... wielding a +0 halberd
              (8 damage)
             ... on level 3 of the Dungeon.
             The game lasted 00:02:50 (1994 turns).

wormed the Insei (Octopode Transmuter)              Turns: 1994, Time: 00:02:50

Health: -6/43      AC: 22    Str:  9    XL:     4   Next: 46%
Magic:  5/7        EV:  2    Int: 17    God:
Gold:   128        SH:  0    Dex: 12    Spells: 4/7 levels left

rFire   . . .      SeeInvis .      - Unarmed
rCold   . . .      Faith    .    (no shield)
rNeg    . . .      Spirit   .    (helmet currently unavailable)
rPois   +          Reflect  .    (no amulet)
rElec   .          Harm     .    (no ring)
rCorr   .          Rampage  .    (no ring)
Will    .....      NoTele   +    (no ring)
Stlth   +                        (no ring)
HPRegen 0.27/turn                (no ring)
MPRegen 0.10/turn                (no ring)
                                 (no ring)
                                 (no ring)

@: mighty, tree-form, wereblooded
A: stationary, stasis, torment immunity, boosted hp, almost no armour,
(amphibious), 8 rings, (camouflage 1), (gelatinous body 1), (nimble swimmer 1),
(tentacles)
a: no special abilities


You were on level 3 of the Dungeon.
You were a tree.
You visited 1 branch of the dungeon, and saw 3 of its levels.

You collected 128 gold pieces.

Inventory:

Scrolls
 b - 2 scrolls of teleportation
 c - a scroll of fog
 d - a scroll of enchant armour {unknown}
 f - a scroll of torment {unknown}
 h - a scroll of enchant weapon {unknown}
Potions
 a - a potion of lignification
 e - a potion of might
 g - a potion of haste {unknown}


   Skills:
 + Level 1.6 Fighting
 + Level 2.4 Dodging
 + Level 3.3 Unarmed Combat
 + Level 2.4 Spellcasting
 * Level 3.0 Transmutations
 + Level 1.2 Ice Magic


You had 4 spell levels left.
You knew the following spells:

 Your Spells              Type           Power      Damage    Failure   Level
a - Beastly Appendage     Tmut           24%        N/A       5%          1
b - Wereblood             Tmut           12%        N/A       9%          2

Your spell library contained the following spells:

 Spells                   Type           Power      Damage    Failure   Level
 Magic Dart               Conj           8%         1d3       19%         1
 Call Imp                 Summ           2%         N/A       28%         2
 Searing Ray              Conj           4%         2d4       28%         2
 Spider Form              Tmut/Pois      7%         N/A       30%         3
 Ignite Poison            Fire/Tmut/Pois 5%         N/A       36%         3
 Kindle Blastsparks       Fire/Tloc/Air  4%         2d10      50%         3
 Mephitic Cloud           Conj/Pois/Air  2%         N/A       50%         3
 Ice Form                 Ice/Tmut       9%         N/A       61%         4
 Fulminant Prism          Conj/Hex       1%         3d5       88%         4
 Alistair's Intoxication  Tmut/Pois      4%         N/A       95%         5
 Borgnjor's Vile Clutch   Necr/Erth      1%         N/A       99%         5
 Freezing Cloud           Conj/Ice/Air   1%         6-21      99%         5
 Eringya's Noxious Bog    Tmut/Pois      3%         N/A       100%        6


Dungeon Overview and Level Annotations

Branches:
Dungeon (3/15)

Altars:
Cheibriados
Trog


Innate Abilities, Weirdness & Mutations

You are a tree.
Your roots penetrate the ground, keeping you stationary.
You cannot be teleported.
You are immune to unholy pain and torment.
Your maximum health is greatly increased.
You cannot wear most types of armour.
((You are amphibious.))
You can wear up to eight rings at the same time.
((Your skin changes colour to match your surroundings (Stealth+).))
((Your rubbery body absorbs attacks. (AC +1, EV +1)))
((You are camouflaged when in or above water. (Stealth+)))
((You have tentacles for arms and can constrict up to eight enemies at once.))


Message History

The gnoll is lightly wounded.
The gnoll closely misses you.
The gnoll hits you from afar with a +0 halberd.
You closely miss the gnoll. Your grab misses the gnoll.
You pierce the gnoll.
The gnoll is moderately wounded.
The gnoll hits you from afar with a +0 halberd!
The gnoll hits you with a +0 spear.
* * * LOW HITPOINT WARNING * * *
Your tentacle spike disappears.
You turn into a tree.
Your roots penetrate the ground.
The gnoll hits you but does no damage. x2
You hit the gnoll.
The gnoll is severely wounded.
The gnoll barely misses you. The gnoll hits you but does no damage.
You hit the gnoll.
The gnoll is severely wounded.
The gnoll hits you from afar with a +0 halberd!
* * * LOW HITPOINT WARNING * * *
The gnoll hits you but does no damage.
You barely miss the gnoll.
The gnoll is severely wounded.
The gnoll hits you but does no damage.
The gnoll hits you from afar with a +0 halberd.
* * * LOW HITPOINT WARNING * * *
You hit the gnoll.
The gnoll is almost dead.
The gnoll hits you but does no damage. x2
You hit the gnoll.
The gnoll is almost dead.
The gnoll hits you with a +0 spear.
* * * LOW HITPOINT WARNING * * *
The gnoll hits you but does no damage.
You smack the gnoll!
You feel a bit better.
You kill the gnoll!
The gnoll barely misses you.
Your Transmutations skill increases to level 3!
It was a potion of might.
You feel very mighty all of a sudden.
The gnoll hits you from afar with a +0 halberd!
You die...

..............########
#.###...##..........# #.
#..###.#.######.#
#.###..# #.#.# #.#
#.....# #.#.# #.#
##.#..# #.#.# #.# ##...#
#.#.# #.# ###.#.)###.#.#
#<# #....♣###....# #.#
#.....# #....######.##
###....g###............#
........)..#.#.#.####..#
...........#...........#
....._.......#<#.###.#.#
..............[.## ##..#
................# #..#
###.....###.###.## ##.##


You could see a gnoll.

Vanquished Creatures
  Natasha (D:2)
  2 gnolls (D:3)
  An adder (D:2)
  A worm (D:3)
  An orc (D:3)
  3 endoplasms
  2 giant cockroaches
  2 goblins (D:1)
  2 hobgoblins
  2 ball pythons (D:1)
  3 bats
  2 frilled lizards (D:1)
  4 kobolds
  3 rats
29 creatures vanquished.

Notes
Turn   | Place    | Note
-------+----------+-------------------------------------------
     0 | D:1      | wormed the Octopode Transmuter began the quest for the Orb.
     0 | D:1      | Reached XP level 1. HP: 13/13 MP: 3/3
   204 | D:1      | Reached XP level 2. HP: 18/18 MP: 3/5
   901 | D:2      | Found a bloodstained altar of Trog.
   960 | D:2      | Learned a level 2 spell: Wereblood
  1099 | D:2      | HP: 1/27 [poisoned by an adder]
  1101 | D:2      | Reached XP level 3. HP: 3/23 MP: 2/6
  1675 | D:2      | Noticed Natasha
  1683 | D:2      | Killed Natasha
  1684 | D:2      | Reached skill level 1 in Ice Magic
  1684 | D:2      | Reached XP level 4. HP: 25/28 MP: 3/7
  1888 | D:3      | Found a snail-covered altar of Cheibriados.
  1992 | D:3      | HP: 1/42 [gnoll/+0 spear (3)]
  1994 | D:3      | Mangled by a gnoll

Illustrated notes

Levels and vault maps discovered:
D:1:      lightli_molten_gateway, layout_loops_ring
D:2:      layout_loops_ring, basic_altar, uniq_natasha
D:3:      layout_loops_ring, slow_altar_1, elyvilon_altar_3

Skill      XL: |  1  2  3  4 |
---------------+-------------+-----
Ice Magic      | 1 |  1.2
Transmutations | 3 |  3.0
Fighting       | |  1.6
Dodging        | |  2.4
Unarmed Combat | |  3.3
Spellcasting   | |  2.4

Action                   |  1- 3 |  4- 6 || total
-------------------------+-------+-------++-------
Melee: Unarmed           |    53 |    20 ||    73
       Kick              |    11 |     7 ||    18
       Constrict         |    10 |     3 ||    13
       Tentacles         |     7 |     3 ||    10
       Punch             |     1 |       ||     1
 Cast: Beastly Appendage |    17 |     5 ||    22
       Wereblood         |     7 |     4 ||    11
  Use: Scroll            |     4 |       ||     4
       Potion            |     1 |     2 ||     3
 Stab: Sleeping          |     6 |       ||     6
Armor: Skin              |     5 |     8 ||    13
Dodge: Dodged            |    27 |    11 ||    38

Table legend: (Time is in decaauts)
 A = Elapsed time spent in this place.
 B = Non-inter-level travel time spent in this place.
 C = Inter-level travel time spent in this place.
 D = Time resting spent in this place.
 E = Time spent auto-exploring this place.
 F = Levels seen in this place.
 G = Mean time per level.
                   A        B        C        D        E       F      G
               +--------+--------+--------+--------+--------+-----+--------+
         Total |   1991 |   1840 |    151 |    197 |   1365 |   3 |  663.7 |
       Dungeon |   1991 |   1840 |    151 |    197 |   1365 |   3 |  663.7 |
               +--------+--------+--------+--------+--------+-----+--------+

Top non-repeatable levels by time:
     D:2: 948 daAuts
     D:1: 899 daAuts
     D:3: 143 daAuts
